Map: Lerilak Crest

Players

Mark - Winner!

  • Race: Terran Terran
  • League: Gold

PerseVerAnce

  • Race: Terran Terran
  • League: Platinum

VOD

Have the link to the VOD?

Description

Time

  • Played on: Feb. 10, 2016, 2:53 a.m.
  • Length: 9:31
Show
View Real Time Build Order
Export as new Build Order

Mark Terran - Winner!

Build Orders: 1/1/1 

Get SALT Encoding   

  12  0:01  SCV  
  13  0:13  SCV  
  14  0:19  Supply Depot  
  14  0:25  SCV  
  15  0:29  Refinery  
  15  0:41  SCV  
  16  0:45  Barracks  
  16  0:53  SCV  
  17  1:02  Refinery  
  17  1:05  SCV  
  18  1:17  SCV  
  20  1:34  Factory  
  20  1:35  Orbital Command  
  20  1:38  Barracks Reactor  
  19  1:48  Supply Depot  
  19  2:01  SCV  
  20  2:12  Supply Depot  
  20  2:14  Marine x2  
  22  2:19  Starport  
  22  2:22  Hellion  
  24  2:25  SCV  
  25  2:37  SCV  
  26  2:46  Marine x2, Hellion  
  30  2:54  SCV, Supply Depot  
  30  2:58  Medivac  
  33  3:04  Marine x2  
  35  3:07  Hellion  
  37  3:15  SCV  
  38  3:22  Marine x2  
  40  3:32  Medivac  
  40  3:33  Widow Mine  
  44  3:39  Marine  
  44  3:40  Marine  
  45  3:49  Command Center  
  44  4:12  Marine, SCV  
  44  4:13  Marine  
  46  4:24  SCV  
  45  4:32  Marine  
  45  4:33  Marine  
  45  4:44  Supply Depot, Factory Tech Lab  
  43  4:46  Viking  
  43  4:50  Marine x2, Engineering Bay  
  47  5:10  Marine x2  
  47  5:13  Orbital Command  
  49  5:17  Supply Depot  
  49  5:22  Cyclone  
  48  5:43  Barracks  
  48  5:45  Barracks  
  48  5:46  Barracks  
  46  5:52  Orbital Command  
  46  5:55  Siege Tank  
  49  5:57  Starport Reactor  
  49  6:00  SCV  
  46  6:11  Terran Infantry Armor Level 1  
  46  6:20  SCV x2  
  48  6:28  Supply Depot  
  48  6:32  SCV  
  49  6:38  Siege Tank  
  49  6:39  Marine  
  53  6:40  Barracks Reactor x2  
  53  6:44  SCV  
  53  6:46  SCV  
  55  6:51  Barracks Tech Lab  
  55  6:54  Marine  
  56  6:59  Viking  
  56  7:00  Viking  
  56  7:09  SCV x2  
  55  7:21  SCV  
  55  7:22  SCV  
  49  7:38  Marine  
  49  7:39  Marine x6  
  51  7:56  Marine x3  
  51  7:57  Marine x2  
  51  8:04  Marine x2  
  51  8:05  Medivac, Siege Tank  
  56  8:06  SCV x2  
  60  8:14  Factory  
  60  8:18  SCV x2  
  62  8:30  SCV  
  62  8:31  Marine x3  
  62  8:32  Marine x4  
  70  8:41  Supply Depot  
  70  8:43  Supply Depot  
  70  8:49  Marine x4, Siege Tank  
  70  8:50  Marine  
  70  8:52  SCV  
  70  8:53  SCV  
  70  8:55  Refinery x2  
  80  8:59  Missile Turret  
  80  9:05  Factory Tech Lab  
  80  9:12  Marine  
  80  9:13  Marine x4  
  88  9:20  Missile Turret  
Show
View Real Time Build Order
Export as new Build Order

PerseVerAnce Terran 

Build Orders: Banshee Rush 

Get SALT Encoding   

  12  0:00  SCV  
  13  0:12  SCV  
  14  0:17  Supply Depot  
  14  0:25  Refinery  
  14  0:29  SCV  
  15  0:41  SCV  
  16  0:47  Barracks  
  16  0:53  SCV  
  17  1:05  SCV  
  17  1:07  Refinery  
  18  1:17  SCV  
  19  1:30  SCV  
  20  1:35  Reaper  
  20  1:39  Supply Depot  
  21  1:42  SCV  
  21  1:46  Factory  
  22  1:59  Orbital Command  
  22  2:09  Supply Depot  
  22  2:18  Reaper  
  23  2:25  SCV  
  24  2:30  Hellion  
  26  2:38  Starport  
  26  2:43  SCV  
  27  2:56  Hellion  
  27  2:57  Reaper  
  30  3:01  SCV  
  31  3:13  SCV  
  31  3:18  Hellion  
  34  3:27  Starport Tech Lab  
  31  3:37  Command Center  
  31  3:44  SCV  
  31  3:46  Barracks Tech Lab  
  31  3:47  Banshee, Factory Tech Lab  
  35  3:49  Cloaking Field  
  35  3:58  SCV  
  32  4:17  Marine  
  29  4:36  Marine  
  28  4:45  SCV  
  28  4:51  Siege Tank  
  28  4:52  Banshee  
  32  4:58  Marine  
  36  5:08  SCV  
  31  5:32  Marine  
  28  5:38  Siege Tank  
  28  5:41  Orbital Command  
  31  5:49  Marine  
  30  6:07  Marine  
  29  6:11  Orbital Command  
  28  6:19  Orbital Command  
  28  6:25  Marine  
  29  6:38  Siege Tank  
  32  6:43  Marine  
  32  6:45  SCV  
  34  6:51  SCV  
  35  7:01  Marine  
  36  7:11  Barracks  
  36  7:17  SCV x2  
  36  7:19  Marine  
  36  7:28  Barracks  
  33  7:36  Marine  
  24  7:53  SCV x2  
  24  7:54  Marine  
  26  8:00  Marine  
  27  8:05  SCV  
  27  8:06  SCV  
  27  8:12  Marine  
  25  8:18  Marine, SCV  
  25  8:19  Barracks  
  25  8:21  Barracks  
  25  8:25  Marine  
  22  8:30  Marine, SCV  
  21  8:35  Marine  
  21  8:46  Marine  
  21  8:48  Marine  
  22  8:50  SCV  
  22  8:53  Marine  
  24  9:04  Marine  
  24  9:05  SCV  
  24  9:09  Marine x2  
  29  9:11  Marine  
  30  9:19  SCV  
  32  9:27  Refinery  
  32  9:28  Refinery  
Tags
 
Matchup
TvT
Opening
1/1/1
Race
Terran
Strategy
Banshee Rush
Add a new tag
Caveats
  • Supply blocks, unpowered buildings, or Contaminate may cause inaccurate times.
  • Supply counts are checked every 10 seconds.